 Dungeon Crawl Stone Soup version 0.28.0-53-g5a82cb258f (webtiles) character file.

Game seed: 625021729179591871

261 Descartes the Sneak (level 5, -1/22 HPs)
             Began as a Felid Wanderer on July 23, 2022.
             Killed from afar by an orc wizard (8 damage)
             ... with a magic dart
             ... on level 4 of the Dungeon.
             The game lasted 00:17:02 (7508 turns).

Descartes the Sneak (Felid Wanderer)                Turns: 7508, Time: 00:17:03

Health: -1/22      AC:  2    Str:  9    XL:     5   Next: 96%
Magic:  1/7        EV: 18    Int: 15    God:
Gold:   146        SH:  0    Dex: 13    Spells: 2/6 levels left
                                        Lives:  0   Deaths: 1

rFire   . . .      SeeInvis +     - Unarmed
rCold   . . .      Faith    .   (shield unavailable)
rNeg    . . .      Spirit   .   (armour unavailable)
rPois   .          Reflect  .   (helmet unavailable)
rElec   .          Harm     .   (cloak unavailable)
rCorr   .          Rampage  .   (gloves unavailable)
Will    .....                   (boots unavailable)
Stlth   +.........              (no amulet)
HPRegen 0.07/turn               l - +4 ring of slaying
MPRegen 0.10/turn               (no ring)

@: confused, very slightly contaminated, quick
A: very small, claws 1, fangs 3, see invisible, speed 1, shaggy fur 2, stealthy
paws, no weapons or thrown items, no armour, multi-lived, dopey 1
a: no special abilities


You were on level 4 of the Dungeon.
You visited 1 branch of the dungeon, and saw 4 of its levels.

You collected 146 gold pieces.

Inventory:

Jewellery
 l - a +4 ring of slaying (left paw)
Scrolls
 a - a scroll of fear
 d - 2 scrolls of enchant weapon {unknown}
 g - 3 scrolls of magic mapping
 h - a scroll of teleportation
 i - a scroll of amnesia {unknown}
 j - a scroll of holy word {unknown}
Potions
 b - a potion of might
 f - a potion of curing
 k - a potion of ambrosia {unknown}


   Skills:
 + Level 2.2 Fighting
 * Level 4.2 Dodging
 + Level 6.1 Stealth
 * Level 3.5 Unarmed Combat
 - Level 1.0 Spellcasting
 + Level 2.0 Conjurations
 + Level 2.5 Hexes
 + Level 2.4 Translocations
 + Level 2.0 Transmutations
 - Level 1.0 Fire Magic


You had 2 spell levels left.
You knew the following spells:

 Your Spells              Type           Power      Damage    Failure   Level
a - Foxfire               Conj/Fire      20%        2x1d5     13%         1
b - Dazzling Flash        Conj/Hex       14%        N/A       28%         3

Your spell library contained the following spells:

 Spells                   Type           Power      Damage    Failure   Level
 Sublimation of Blood     Necr           0%         N/A       36%         2
 Tukima's Dance           Hex            8%         N/A       26%         3
 Passage of Golubria      Tloc           8%         N/A       65%         4
 Petrify                  Tmut/Erth      3%         N/A       85%         4
 Yara's Violent Unravell  Hex/Tmut       3%         3d4       95%         5
 Irradiate                Conj/Tmut      3%         3d14      96%         5


Dungeon Overview and Level Annotations

Branches:
Dungeon (4/15)
 Temple: D:4-7

Altars:
Sif Muna

Shops:
D:4 =

Annotations:
D:3 Eustachio


Innate Abilities, Weirdness & Mutations

You have sharp claws.
You have razor-sharp teeth.
You have supernaturally acute eyesight. (SInv)
You cover ground quickly. (Speed+)
You are covered in thick fur. (AC +2)
Your paws help you pounce on unaware monsters.
You are incapable of wielding weapons or throwing items.
You cannot wear armour.
You gain extra lives every three experience levels.
You are dopey. (Int -2)


Message History

The orc wizard is lightly wounded.
The orc priest begins to cast a cantrip, but forgets the words!
Casting: Foxfire (safe; 13% risk of failure)
Confirm with . or Enter, or press ? or * to list all spells.
You conjure some foxfire!
Unknown command.
Casting: Foxfire (safe; 13% risk of failure)
Confirm with . or Enter, or press ? or * to list all spells.
You conjure some foxfire!
The foxfire hits the orc wizard.
The orc wizard is moderately wounded.
The orc priest begins to cast a cantrip, but forgets the words!
Unknown command.
Casting: Foxfire (safe; 13% risk of failure)
Confirm with . or Enter, or press ? or * to list all spells.
You conjure some foxfire!
The foxfire hits the orc wizard.
The orc wizard is moderately wounded.
The foxfire hits the orc wizard but does no damage.
The orc wizard is moderately wounded.
The foxfire hits the orc priest.
The orc priest is lightly wounded.
Casting: Foxfire (safe; 13% risk of failure)
Confirm with . or Enter, or press ? or * to list all spells.
You conjure some foxfire!
The foxfire hits the orc wizard.
The orc wizard is severely wounded.
The foxfire hits the orc wizard.
The orc wizard is almost dead.
The orc wizard casts a spell at you.
You are confused.
Unknown command.
The foxfire hits the orc priest but does no damage.
The orc priest is lightly wounded.
The foxfire hits the orc priest.
The orc priest is moderately wounded.
The orc priest mumbles some strange prayers to Beogh against you.
Beogh smites you!
Ouch! That really hurt!
The orc wizard barely misses you.
The orc wizard gestures at you while chanting.
The magic dart hits you!
You die...

######## #......# #......#
***** #......# **,,,**
#......## **,,,,,**
#.......##
*,,,....*##........#
**,,,....##..o<.....##
*,,,,........[o.@....#
,,,,,......#....∩....#
,,,,,..$...g.........#
,,,,,.......[.....>..#
#,,,^.......####.....#
#*>,,.g...).<........#*******
#**#.........†......#.,,,,,,*
##$...................#******
†................!..,,*


You could see an orc priest, an orc wizard and a gnoll.

Vanquished Creatures
  An ogre (D:3)
  A gnoll sergeant (D:2)
  A bullfrog skeleton (D:4)
  7 gnolls
  9 adders
  2 adder skeletons
  A worm (D:2)
  8 orcs
  5 endoplasms
  4 giant cockroaches
  7 goblins
  5 hobgoblins
  2 jackals (D:1)
  4 quokkas
  5 ball pythons
  7 bats
  2 frilled lizards
  7 kobolds
  2 rats
80 creatures vanquished.

Vanquished Creatures (collateral kills)
  A foxfire (D:1)
1 creature vanquished.

Vanquished Creatures (others)
  4 demonic plants (D:1)
  407 foxfires
  3 fungi (D:1)
  3 plants (D:1)
  A withered plant (D:1)
418 creatures vanquished.

Grand Total: 499 creatures vanquished

Notes
Turn   | Place    | Note
-------+----------+-------------------------------------------
     0 | D:1      | Descartes the Felid Wanderer began the quest for the Orb.
     0 | D:1      | Descartes set off with the following items: a scroll of
                  | fear, a potion of might; and the following spell memorised:
                  | Foxfire; and the following spells available to memorise:
                  | Dazzling Flash
     0 | D:1      | Reached XP level 1. HP: 9/9 MP: 3/3
   346 | D:1      | Reached XP level 2. HP: 7/12 MP: 2/4
  1175 | D:1      | Found a faded altar of an unknown god.
  1516 | D:2      | Reached skill level 1 in Hexes
  1516 | D:2      | Reached skill level 1 in Translocations
  1516 | D:2      | Reached XP level 3. HP: 15/15 MP: 5/5
  2374 | D:2      | Learned a level 3 spell: Dazzling Flash
  2438 | D:2      | Reached XP level 4. HP: 19/19 MP: 3/6
  2521 | D:2      | Reached skill level 1 in Transmutations
  4346 | D:3      | Reached XP level 5. HP: 22/22 MP: 0/7
  5526 | D:3      | Found a shimmering blue altar of Sif Muna.
  5679 | D:4      | Noticed an ogre
  5679 | D:4      | Found Gohom's Jewellery Shop.
  5732 | D:3      | Killed an ogre
  5733 | D:3      | Gained mutation: You are covered in thick fur. (AC +2)
                  | [Felid growth]
  5733 | D:3      | Reached XP level 6. HP: 9/26 MP: 0/8
  6013 | D:4      | Gained mutation: You are dopey. (Int -2) [potion of
                  | mutation]
  6149 | D:4      | Noticed a two-headed ogre
  6243 | D:4      | Noticed Eustachio
  6338 | D:3      | Demolished by a two-headed ogre
  6339 | D:3      | Reached XP level 5. HP: -14/22 MP: 5/7
  6396 | D:4      | Reached skill level 6 in Stealth
  6530 | D:4      | HP: 1/22 [poisoned by an adder]
  7074 | D:2      | Reached skill level 1 in Fire Magic
  7508 | D:4      | Killed from afar by an orc wizard

Illustrated notes

Levels and vault maps discovered:
D:1:      shiori_angband_town, layout_basic, shapermc_ecumenical_altar_gd,
          minmay_shallow_snake_nest
D:2:      layout_basic, minmay_misc_feat_cross, kennysheep_generic_room_7
D:3:      layout_loops_cross, kennysheep_orc_sif_temple, minmay_vboxes
D:4:      layout_rooms, serial_shops, nicolae_stop_n_shop_1, uniq_grinder,
          uniq_eustachio

Skill      XL: |  1  2  3  4  5  6 |
---------------+-------------------+-----
Dodging        | 2 3 4 |  4.2
Hexes          | 1 2 |  2.5
Translocations | 1 2 |  2.4
Transmutations | 1 2 |  2.0
Unarmed Combat | 3 |  3.5
Fighting       | 2 |  2.2
Stealth        | 6 |  6.1
Conjurations   | 2 |  2.0
Fire Magic     | 1 |  1.0
Spellcasting   | |  1.0

Action                   |  1- 3 |  4- 6 || total
-------------------------+-------+-------++-------
Melee: Unarmed           |    45 |    30 ||    75
       Bite              |     2 |     3 ||     5
       Punch             |       |     1 ||     1
 Cast: Foxfire           |    43 |   184 ||   227
  Use: Scroll            |       |     4 ||     4
       Potion            |       |     1 ||     1
 Stab: Sleeping          |     8 |     3 ||    11
Armor: Skin              |     3 |       ||     3
Dodge: Dodged            |    34 |    68 ||   102
